 Dungeon Crawl Stone Soup version 0.19.5 (webtiles) character file.

56 Lizzreth the Slasher (level 3, -2/34 HPs)
             Began as a Naga Fighter on Mar 16, 2017.
             Slain by a gnoll (3 damage)
             ... on level 2 of the Dungeon.
             The game lasted 00:04:28 (1013 turns).

Lizzreth the Slasher (Naga Fighter)                 Turns: 1013, Time: 00:04:29

Health: -2/34      AC:  4    Str: 18    XL:     3   Next: 95%
Magic:  3/3        EV:  8    Int:  8    God:
Gold:   96         SH: 13    Dex: 16    Spells: 0 memorised, 2 levels left

rFire  . . .     SeeInvis +     a - +0 long sword
rCold  . . .     Gourm    .     b - +0 scale mail
rNeg   . . .     Faith    .     k - +0 large shield
rPois  +         Spirit   .     (no helmet)
rElec  .         Reflect  .     (no cloak)
rCorr  .         Harm     .     (no gloves)
MR     .....                    (no barding)
Stlth  ..........               (no amulet)
                                (no ring)
                                m - ring of loudness (curse)

@: agile, very slow
A: stinger 1, see invisible, deformed body, poison resistance, slowness 2, slow
metabolism 1, spit poison 1, AC +1
a: Spit Poison


You were on level 2 of the Dungeon.
You were not hungry.

You visited 1 branch of the dungeon, and saw 2 of its levels.

You collected 96 gold pieces.

Inventory:

Hand Weapons
 a - a +0 long sword (weapon)
Armour
 b - a +0 scale mail (worn)
 c - a +0 shield
 k - a +0 large shield (worn)
Jewellery
 m - a cursed ring of loudness (left hand)
Scrolls
 e - 2 scrolls of enchant armour {unknown}
 o - a scroll of amnesia {unknown}
 p - 2 scrolls of teleportation {unknown}
Potions
 d - a potion of might
Comestibles
 f - a bread ration
 g - a beef jerky
 i - a meat ration
 n - a royal jelly


   Skills:
 - Level 3.0 Fighting
 + Level 4.1 Long Blades
 - Level 2.4 Armour
 - Level 2.4 Shields


You had 2 spell levels left.
You didn't know any spells.

Dungeon Overview and Level Annotations

Branches:
Dungeon (2/15)

Altars:


Innate Abilities, Weirdness & Mutations

You cannot wear boots.
Your serpentine skin is tough. (AC +1)
You have supernaturally acute eyesight. (SInv)
Armour fits poorly on your strangely shaped body.
Your system is resistant to poisons. (rPois)
You cover ground very slowly.
You have a slow metabolism.
You can spit poison.
Your tail ends in a poisonous barb.


Message History

* * * LOW HITPOINT WARNING * * *
You block the gnoll's attack.
You see here a flail.
You slash the gnoll!
The gnoll is heavily wounded.
You block the gnoll's attack.
You are too injured to fight recklessly!
You are too injured to fight recklessly!
You slash the gnoll!
You kill the gnoll!
Your Long Blades skill increases to level 4!
The gnoll throws a throwing net.
The throwing net misses you.
The gnoll throws a throwing net.
The throwing net hits you.
You become entangled in the net!
You struggle against the net.
The gnoll hits you.
* * * LOW HITPOINT WARNING * * *
You tear a large gash into the net.
The gnoll hits you.
* * * LOW HITPOINT WARNING * * *
You rip the net and break free!
The gnoll hits you.
You die...

#..# #.# #..#
#.# #..# #.#
#..# #.# #..#
#.# #..# #.# .
#..# #.#
....########.#
......g@....(#
....##########
.


You could see a gnoll.

Vanquished Creatures
  3 gnolls
  A worm (D:2)
  A leopard gecko (D:1)
  3 giant cockroaches (D:1)
  3 goblins (D:1)
  A hobgoblin (D:1)
  A bat (D:2)
  2 frilled lizards (D:2)
  7 kobolds (D:1)
  3 rats (D:1)
25 creatures vanquished.

Notes
Turn   | Place    | Note
-------+----------+-------------------------------------------
     0 | D:1      | Lizzreth the Naga Fighter began the quest for the Orb.
     0 | D:1      | Reached XP level 1. HP: 21/21 MP: 1/1
   172 | D:1      | Reached XP level 2. HP: 28/28 MP: 2/2
   280 | D:1      | Reached skill level 3 in Long Blades
   450 | D:1      | Reached XP level 3. HP: 34/34 MP: 3/3
  1002 | D:2      | HP: 1/34 [gnoll/spear (7)]
  1005 | D:2      | Gained mutation: Your tail ends in a poisonous barb. [potion of beneficial mutation]
  1009 | D:2      | Reached skill level 4 in Long Blades
  1012 | D:2      | HP: 1/34 [gnoll (2)]
  1013 | D:2      | Slain by a gnoll

Skill      XL: |  1  2  3 |
---------------+----------+-----
Long Blades    | 3 4 |  4.1
Fighting       | |  3.0
Armour         | |  2.4
Shields        | |  2.4

Action                   || total
-------------------------++-------
Melee: Long sword        ||    70
  Use: Potion            ||     4
Armor: Scale mail        ||    18
Dodge: Dodged            ||     9
Block: Shield            ||     4
       Large shield      ||    48
       Rpst.: Long sword ||     3
